 Dungeon Crawl Stone Soup version 0.30.1-3-gfc49f6343a (webtiles) character file.

Game seed: 10496978839178614597

18 Atelerd the Digger (level 2, 0/17 HPs)
             Began as an Octopode Earth Elementalist on July 31, 2023.
             Slain by an adder (3 damage)
             ... on level 2 of the Dungeon.
             The game lasted 00:00:33 (809 turns).

Atelerd the Digger (Octopode Earth Elementalist)     Turns: 809, Time: 00:00:34

Health: 0/17       AC:  1    Str:  7    XL:     2   Next: 70%
Magic:  1/5        EV: 13    Int: 17    God:
Gold:   94         SH:  0    Dex: 12    Spells: 4/5 levels left

rFire   . . .        (no weapon)
rCold   . . .        (no shield)
rNeg    . . .        (helmet restricted)
rPois   .            (no amulet)
rElec   .            (no ring)
rCorr   .            (no ring)
SInv    .            (no ring)
Will    .....        (no ring)
Stlth   +++          (no ring)
HPRegen 0.22/turn    (no ring)
MPRegen 0.09/turn    (no ring)
                     (no ring)

%: no passive effects
@: lethally poisoned (0 -> -4), very slightly contaminated
A: almost no armour, amphibious, 8 rings, camouflage 1, gelatinous body 1,
(nimble swimmer 1), tentacles
a: no special abilities


You were on level 2 of the Dungeon.
You visited 1 branch of the dungeon, and saw 2 of its levels.

You collected 94 gold pieces.

Inventory:

Scrolls
 b - a scroll of teleportation {unknown}
 e - a scroll of acquirement {unknown}
 f - a scroll of poison {unknown}
Potions
 a - a potion of magic
 c - 2 potions of haste {unknown}
 d - a potion of curing {unknown}
 g - a potion of cancellation {unknown}
 h - a potion of heal wounds {unknown}


   Skills:
 - Level 2.0 Dodging
 - Level 2.8 Stealth
 + Level 2.2 Spellcasting
 + Level 1.2 Transmutations
 + Level 3.5 Earth Magic


You had 4 spell levels left.
You knew the following spells:

 Your Spells              Type           Power      Damage    Failure   Level
a - Sandblast             Erth           26%        2d8       4%          1

Your spell library contained the following spells:

 Spells                   Type           Power      Damage    Failure   Level
 Passwall                 Tmut/Erth      8%         N/A       11%         2
 Stone Arrow              Conj/Erth      14%        3d7       26%         3
 Dazzling Flash           Conj/Hex       2%         N/A       50%         3
 Volatile Blastmotes      Fire/Tloc      2%         2d10      50%         3
 Petrify                  Tmut/Erth      10%        N/A       56%         4
 Iskenderun's Mystic Bla  Conj/Tloc      1%         2d3       88%         4
 Starburst                Conj/Fire      0%         6d3       100%        6


Dungeon Overview and Level Annotations

Branches:
Dungeon (2/15)

Altars:


Innate Abilities, Weirdness & Mutations

You cannot wear most types of armour.
You are amphibious.
You can wear up to eight rings at the same time.
Your skin changes colour to match your surroundings (Stealth+).
Your rubbery body absorbs attacks. (AC +1, EV +1)
((You are camouflaged when in or above water. (Stealth+)))
You have tentacles for arms and can constrict up to eight enemies at once.


Message History

You can't see any susceptible monsters within range! (Use Z to cast anyway.)
You can't see any susceptible monsters within range! (Use Z to cast anyway.)
You can't see any susceptible monsters within range! (Use Z to cast anyway.)
The blast of sand hits the bat!
You kill the bat!
The adder hisses angrily.
You tentacle-slap the adder. Your grab misses the adder.
The adder is lightly wounded.
The adder bites you.
You miscast Sandblast.
You are very lightly contaminated with residual magic.
Nothing appears to happen.
The adder bites you.
You are poisoned.
The adder poisons you!
You completely miss the adder. You grab the adder.
The adder is lightly wounded.
You constrict the adder, but do no damage.
You feel sick. The adder bites you.
You are lethally poisoned!
The adder poisons you! The adder misses you.
You are too injured to fight recklessly!
You are too injured to fight recklessly!
You are too injured to fight recklessly!
You are too injured to fight recklessly!
You are too injured to fight recklessly!
You are too injured to fight recklessly!
There is a lethal amount of poison in your body!
Unknown command.
Casting: Sandblast (safe; 4% risk of failure)
Confirm with . or Enter, or press ? or * to list all spells.
Aiming: Sandblast (safe; 4% risk of failure)
Press: ? - help, Shift-Dir - straight line, f/p - adder
Aim: an adder (lightly wounded, constricted by you, 94% to hit)
The blast of sand hits the adder.
The adder is heavily wounded.
You constrict the adder.
* * * LOW HITPOINT WARNING * * *
You feel very sick. The adder closely misses you. The adder bites you.
You die...

......hh# ......
#.....#........#
......#+#.....#........#
..!...........#........#
..............#.........
..............#.........
......†.......#########.
.....................###
....†.S@.............# #
.....................# #
.....................# #
.........###.........# #
.........# #.........# #
......$..# #.........###
.........# #............
.........# ##########.##
#...


You could see an adder.

Vanquished Creatures
  A dart slug (D:1)
  3 bats
  An endoplasm (D:2)
  A giant cockroach (D:2)
  2 goblins
  A hobgoblin (D:2)
  2 ball pythons
  2 frilled lizards (D:1)
  2 kobolds (D:1)
  A rat (D:1)
16 creatures vanquished.

Notes
Turn   | Place    | Note
-------+----------+-------------------------------------------
     0 | D:1      | Atelerd the Octopode Earth Elementalist began the quest for
                  | the Orb.
     0 | D:1      | Reached XP level 1. HP: 11/11 MP: 3/3
   180 | D:1      | Reached XP level 2. HP: 17/17 MP: 1/5
   809 | D:2      | Slain by an adder

Illustrated notes

Levels and vault maps discovered:
D:1:      lightli_arrival_boilingwater, layout_basic
D:2:      layout_basic, minmay_misc_feat_enclosed, glass_columns_b,
          wander_ebering_terrifying_dragon_lair

Action                     || total
---------------------------++-------
  Melee: Unarmed           ||     5
         Constrict         ||     3
   Cast: Sandblast         ||    19
  Dodge: Dodged            ||     7
